 Dungeon Crawl Stone Soup version 0.25-a0-510-ge065f6de7d (webtiles) character file.

Game seed: 3857168678560891434, levelgen mode: deterministic

17000 DerDa the Destroyer (level 12, -4/90 HPs)
             Began as a Demonspawn Wizard on Feb 15, 2020.
             Was an Elder of Sif Muna.
             Slain by a freezing wraith (9 damage)
             ... in an ice cave.
             The game lasted 01:10:35 (16731 turns).

DerDa the Destroyer (Demonspawn Wizard)            Turns: 16731, Time: 01:10:35

Health: -4/90      AC: 10    Str: 14    XL:     12   Next: 15%
Magic:  0/25       EV: 13    Int: 26    God:    Sif Muna [****..]
Gold:   866        SH:  5    Dex: 12    Spells: 17/30 levels left

rFire    + . .     SeeInvis +   D - +1 trident of Malaise {elec, rPois rC+ MR+}
rCold    + . .     Gourm    +   t - +0 buckler
rNeg     . . .     Faith    .   a - +3 leather armour of Irhaiq {+Blink Str+6 Int+2}
rPois    +         Spirit   +   b - +0 hat
rElec    .         Reflect  .   G - +1 cloak
rCorr    .         Harm     .   (no gloves)
MR       +....                  (boots unavailable)
Stlth    ++........             V - amulet of the gourmand
HPRegen  0.25/turn              c - ring of see invisible
MPRegen  0.19/turn              p - ring of wizardry

@: slowed, very slow
A: talons 3, rugged brown scales 2, fire resistance 1, magic shield
a: Channel Magic, Forget Spell, Divine Exegesis, Renounce Religion, Evoke Blink


You were in an ice cave.
You worshipped Sif Muna.
Sif Muna was greatly pleased with you.
You were not hungry.

You visited 3 branches of the dungeon, and saw 14 of its levels.
You also visited: Ice Cave.

You collected 1006 gold pieces.
You spent 140 gold pieces at shops.

Inventory:

Hand Weapons
 w - a +1 whip of electrocution
 D - the +1 trident of Malaise (weapon) {elec, rPois rC+ MR+}
   (You found it on level 6 of the Dungeon)

   Occasionally, upon striking a foe, it will discharge some electrical energy
   and cause terrible harm.
   It protects you from cold.
   It protects you from poison.
   It affects your resistance to hostile enchantments.
 U - a +1 hunting sling of freezing
 W - the +7 long sword of Crystal {flame, rF+ Int+5}
   (You found it on level 10 of the Dungeon)

   It has been specially enchanted to burn those struck by it, causing extra
   injury to most foes and up to half again as much damage against particularly
   susceptible opponents.
   Big, fiery blades are also staple armaments of hydra-hunters.
   It affects your intelligence (+5).
   It protects you from fire.
Missiles
 q - 18 boomerangs (quivered)
 E - 115 sling bullets
Armour
 a - the +3 leather armour of Irhaiq (worn) {+Blink Str+6 Int+2}
   (You found it on level 7 of the Dungeon)

   It affects your strength (+6).
   It affects your intelligence (+2).
   It lets you blink.
   If you remove this armour, your AC will decrease by 6 (10 -> 4).
 b - a +0 hat (worn)
 t - a +0 buckler (worn)
 G - a +1 cloak (worn)
Jewellery
 c - a ring of see invisible (left hand)
 l - an uncursed ring of protection from magic
 p - a ring of wizardry (right hand)
 B - an uncursed ring of protection from fire
 V - an amulet of the gourmand (around neck)
 X - an uncursed ring of flight
Wands
 A - a wand of polymorph (4)
 J - a wand of scattershot (3)
 K - a wand of disintegration (15)
 P - a wand of flame (25)
 R - a wand of digging (6)
 S - a wand of iceblast (5)
Scrolls
 g - 8 scrolls of teleportation
 h - 7 scrolls of remove curse
 i - 2 scrolls of enchant weapon
 j - 4 scrolls of fear
 o - a scroll of magic mapping
 r - a scroll of amnesia
 u - 4 scrolls of enchant armour
 y - a scroll of blinking
 z - 4 scrolls of fog
 F - a scroll of brand weapon
 O - a scroll of torment
Potions
 f - 2 potions of mutation
 m - 2 potions of berserk rage
 n - a potion of curing
 s - 3 potions of flight
 v - 6 potions of brilliance
 C - 3 potions of might
 N - a potion of magic
Comestibles
 d - 32 rations


   Skills:
 + Level 5.1 Fighting
 + Level 4.6 Dodging
 - Level 1.7 Stealth
 - Level 4.0 Shields
 * Level 9.8 Spellcasting
 * Level 10.2 Conjurations
 - Level 4.0 Summonings
 - Level 0.8 Translocations
 + Level 5.6 Air Magic
 - Level 4.0 Poison Magic
 + Level 6.6 Invocations
 + Level 4.9 Evocations


You had 17 spell levels left.
You knew the following spells:

 Your Spells              Type           Power        Failure   Level  Hunger
a - Magic Dart            Conj           ####         1%          1    None
b - Mephitic Cloud        Conj/Pois/Air  #####...     1%          3    None
c - Conjure Flame         Conj/Fire      #####...     1%          3    None
d - Summon Lightning Spi  Summ/Air       #####...     3%          4    None
q - Blink                 Tloc           N/A          2%          2    None

Your spell library contained the following spells:

 Spells                   Type           Power        Failure   Level  Hunger
 Summon Small Mammal      Summ           ####         1%          1    None
 Call Imp                 Summ           ####....     1%          2    None
 Call Canine Familiar     Summ           ####....     1%          3    None
 Slow                     Hex            ##......     3%          2    None
 Summon Guardian Golem    Hex/Summ       ###.....     3%          3    None
 Summon Ice Beast         Ice/Summ       ###.....     11%         4    None


Dungeon Overview and Level Annotations

Branches:
Dungeon (11/15)            Temple (1/1) D:7            Lair (2/6) D:10
  Swamp (0/4) Lair:2          Orc (0/2) D:10          IceCv (1/1)
  Snake: Lair:2-4    Spider: Lair:2-4

Altars:
Ashenzari
Cheibriados
Dithmenos
Elyvilon
Fedhas
Gozag
Hepliaklqana
Kikubaaqudgha
Makhleb
Nemelex Xobeh
Okawaru
Qazlal
Ru
Sif Muna
Trog
Uskayaw
Vehumet
Wu Jian
Xom
Yredelemnul
Zin
The Shining One

Shops:
D:5 [*(   D:7 (

Annotations:
IceCv exclusion: ice statue


Innate Abilities, Weirdness & Mutations

You have claws for feet.
You are mostly covered in rugged brown scales. (AC +2, +5% HP)
Your flesh is heat resistant. (rF+)
When hurt, damage is shared between your health and your magic reserves.


Message History

The freezing wraith drains your vigour!
You feel yourself slow down.
The white imp hits your lightning spire.
The white imp freezes your lightning spire.
Your lightning spire completely resists.
You hit the freezing wraith but do no damage.
You claw the freezing wraith.
The freezing wraith is almost destroyed.
You block the freezing wraith's attack. The freezing wraith hits you!
* * * LOW HITPOINT WARNING * * *
The freezing wraith drains your vigour!
You feel as though you will be slow longer.
The white imp hits your lightning spire.
The white imp freezes your lightning spire.
Your lightning spire completely resists.
The freezing wraith hits you!
* * * LOW HITPOINT WARNING * * *
The freezing wraith freezes you! You resist.
* * * LOW HITPOINT WARNING * * *
The freezing wraith hits you!
You die...

##..# #### 5...
#..## ##..# W...5
##..# ##...#.....Z
##.## #..#....#
#..## #..#...##
##..# #..##.##
##.## ##58### #####
#..# ######W.##
##...## ##.## #.)#
##@.# #.....# #..#
#(.###..####..#..##
#..# ##...#..##
#..##...## #.##
#......##
##.####...##
#..####......#
##..# ##...##
##..##.......#
#..## ##...#
#..#........###..#
##..##
#.##.......###..##
######..#
#...##.....###..#
##...###.##


You could see a freezing wraith, a white imp and a friendly lightning spire.

Vanquished Creatures
  A hydra (Lair:1)
  A two-headed ogre (D:10)
  Pikel (D:6)
  A deep elf mage (D:7)
  Maurice (D:8)
  Joseph (D:9)
  Maggie (D:9)
  A black mamba (Lair:1)
  An elephant (D:10)
  A komodo dragon (Lair:1)
  4 freezing wraiths (IceCv)
  A queen bee (D:8)
  Prince Ribbit (D:7)
  3 hippogriffs
  A wraith (D:10)
  5 spriggans (Lair:1)
  A basilisk (D:10)
  14 yaks
  A death yak simulacrum (IceCv)
  A water moccasin (Lair:1)
  A porcupine (Lair:1)
  8 ice beasts
  An orc warrior (D:8)
  A sky beast (D:10)
  3 slaves (D:7)
  2 necrophages
  8 ogres
  6 phantoms
  3 crocodiles
  A centaur (D:10)
  7 bullfrogs
  A scorpion (D:6)
  2 troll zombies (D:10)
  17 killer bees
  5 wights (D:9)
  4 howler monkeys
  5 crimson imps
  A draconian simulacrum (IceCv)
  5 hounds
  Crazy Yiuf (D:7)
  2 centaur zombies
  2 jellies
  3 orc priests
  2 bullfrog skeletons (D:7)
  3 iguanas
  2 orc wizards
  A polar bear simulacrum (IceCv)
  7 worker ants
  3 ogre zombies (D:10)
  2 hound zombies
  A hound skeleton (D:4)
  A worker ant zombie (D:11)
  4 gnolls (D:11)
  9 adders
  A howler monkey skeleton (D:3)
  A shadow imp (D:7)
  2 white imps
  2 adder skeletons
  An adder zombie (D:5)
  2 worms
  2 dart slugs (D:2)
  6 leopard geckos
  21 orcs
  2 ball pythons
  6 giant cockroaches
  7 hobgoblins
  12 jackals
  5 kobolds
  2 quokkas
  5 bats
  12 frilled lizards
  5 goblins
  A goblin skeleton (D:10)
  A goblin zombie (D:10)
  2 hobgoblin zombies (D:10)
  A jackal skeleton (D:7)
  A leopard gecko skeleton (D:8)
  An orc skeleton (D:10)
  10 orc zombies (D:10)
  A quokka skeleton (D:7)
  9 rats
287 creatures vanquished.

Vanquished Creatures (collateral kills)
  4 oklob plants (Lair:1)
  2 spiny frogs
  4 freezing wraiths (IceCv)
  A spriggan (Lair:1)
  A wraith (D:11)
  7 yaks
  A basilisk (Lair:1)
  A hungry ghost (D:10)
  2 water moccasins (Lair:1)
  A phantom (D:10)
  An ice beast (IceCv)
  A crocodile (D:10)
  A swamp dragon simulacrum (IceCv)
  6 killer bees
  A hound (D:10)
  A draconian simulacrum (IceCv)
  An orc wizard (D:11)
  A polar bear simulacrum (IceCv)
  A troll simulacrum (IceCv)
  An ogre zombie (D:10)
  A naga simulacrum (IceCv)
  7 white imps (IceCv)
  3 orcs (D:11)
  A goblin zombie (D:10)
  3 orc zombies (D:10)
  A plant (Lair:1)
55 creatures vanquished.

Vanquished Creatures (others)
  A slave (D:7)
  A killer bee (D:8)
  A fungus (Lair:1)
  5 plants (Lair:1)
8 creatures vanquished.

Grand Total: 350 creatures vanquished

Notes
Turn   | Place    | Note
-------+----------+-------------------------------------------
     0 | D:1      | DerDa the Demonspawn Wizard began the quest for the Orb.
     0 | D:1      | Reached XP level 1. HP: 13/13 MP: 4/4
   211 | D:1      | Gained mutation: You have sharp toenails. [demonic
                  | ancestry]
   211 | D:1      | Reached XP level 2. HP: 18/19 MP: 0/6
   898 | D:1      | Reached skill level 2 in Conjurations
  1305 | D:2      | Gained mutation: You have razor-sharp toenails. [demonic
                  | ancestry]
  1305 | D:2      | Reached XP level 3. HP: 24/24 MP: 5/8
  1335 | D:2      | Learned a level 3 spell: Mephitic Cloud
  1339 | D:2      | Learned a level 3 spell: Conjure Flame
  1342 | D:2      | Learned a level 2 spell: Blink
  1388 | D:2      | Found a faded altar of an unknown god.
  1954 | D:2      | Gained mutation: You are partially covered in rugged brown
                  | scales. (AC +1, +3% HP) [demonic ancestry]
  1954 | D:2      | Reached XP level 4. HP: 21/30 MP: 1/9
  2150 | D:2      | Found a glowing silver altar of Zin.
  2152 | D:2      | Found a glowing golden altar of the Shining One.
  2800 | D:3      | Reached skill level 3 in Conjurations
  2800 | D:3      | Reached skill level 1 in Air Magic
  2896 | D:3      | Reached skill level 1 in Poison Magic
  2991 | D:3      | Gained mutation: Your flesh is heat resistant. (rF+)
                  | [demonic ancestry]
  2991 | D:3      | Reached XP level 5. HP: 29/36 MP: 1/11
  3659 | D:4      | Noticed an ogre
  3672 | D:4      | Killed an ogre
  3672 | D:4      | Gained mutation: When hurt, damage is shared between your
                  | health and your magic reserves. [demonic ancestry]
  3672 | D:4      | Reached XP level 6. HP: 31/42 MP: 1/12
  4253 | D:5      | Entered Level 5 of the Dungeon
  4253 | D:5      | Found an iron altar of Okawaru.
  4278 | D:5      | Reached skill level 4 in Conjurations
  4773 | D:5      | Found Tycisy's Weapon Emporium.
  4845 | D:5      | Reached skill level 5 in Spellcasting
  4916 | D:5      | Gained mutation: You are mostly covered in rugged brown
                  | scales. (AC +2, +5% HP) [demonic ancestry]
  4916 | D:5      | Reached XP level 7. HP: 42/48 MP: 0/14
  4972 | D:5      | Found Kirulamm's Distillery.
  5252 | D:5      | Found Taupy's General Store.
  5260 | D:5      | Bought a scroll of fog for 24 gold pieces
  5260 | D:5      | Bought a scroll of identify for 24 gold pieces
  5517 | D:5      | Found Ojinivipp's Antique Armour Shoppe.
  5524 | D:5      | Bought a glowing robe for 92 gold pieces
  5651 | D:6      | Reached skill level 5 in Conjurations
  6513 | D:6      | Got a scorched trident
  6513 | D:6      | Identified the +1 trident of Malaise {elec, rPois rC+ MR+}
                  | (You found it on level 6 of the Dungeon)
  6631 | D:6      | Reached XP level 8. HP: 54/54 MP: 9/16
  7057 | D:7      | Found Vudeej's Weapon Shop.
  7082 | D:7      | Got a brightly glowing leather armour
  7092 | D:7      | Identified the +3 leather armour of Irhaiq {+Blink Str+6
                  | Int+2} (You found it on level 7 of the Dungeon)
  7110 | D:7      | Found a blossoming altar of Fedhas.
  7276 | D:7      | Noticed Prince Ribbit
  7286 | D:7      | Reached skill level 6 in Conjurations
  7506 | D:7      | Killed Prince Ribbit
  7717 | D:7      | Reached skill level 7 in Conjurations
  7717 | D:7      | Gained mutation: You have claws for feet. [demonic
                  | ancestry]
  7717 | D:7      | Reached XP level 9. HP: 57/59 MP: 13/19
  7800 | D:7      | Found a staircase to the Ecumenical Temple.
  7810 | Temple   | Entered the Ecumenical Temple
  7847 | Temple   | Became a worshipper of Sif Muna the Loreminder
  7996 | D:7      | Noticed Pikel
  8253 | D:7      | Noticed a deep elf mage
  8258 | D:7      | Noticed a demonic crawler
  8753 | D:7      | Noticed a hellwing
  8818 | D:6      | Killed Pikel
  8818 | D:6      | Reached skill level 1 in Fighting
  8818 | D:6      | Reached skill level 1 in Shields
  8818 | D:6      | Reached skill level 1 in Invocations
  8818 | D:6      | Reached skill level 1 in Evocations
  8867 | D:7      | Killed a deep elf mage
  9025 | D:7      | Found a runed translucent door.
  9028 | D:7      | Noticed Crazy Yiuf
  9034 | D:7      | Killed Crazy Yiuf
  9297 | D:8      | You fall into a shaft and drop 1 floor!
  9510 | D:8      | Noticed Maurice
  9521 | D:8      | Killed Maurice
  9521 | D:8      | Reached skill level 8 in Conjurations
  9526 | D:8      | Reached XP level 10. HP: 68/71 MP: 10/22
  9543 | D:8      | Reached * piety under Sif Muna
  9785 | D:8      | Learned a level 4 spell: Summon Lightning Spire
 10510 | D:9      | Noticed Joseph
 11117 | D:9      | Noticed Maggie
 11163 | D:9      | Killed Maggie
 11347 | D:9      | Killed Joseph
 11655 | D:9      | Found a white marble altar of Elyvilon.
 11859 | D:10     | Entered Level 10 of the Dungeon
 11914 | D:10     | Reached skill level 9 in Conjurations
 11916 | D:10     | Noticed an elephant
 11966 | D:10     | Noticed a two-headed ogre
 12101 | D:10     | Killed an elephant
 12262 | D:10     | Reached ** piety under Sif Muna
 12354 | D:10     | Got an ichor-stained long sword
 12354 | D:10     | Identified the +7 long sword of Crystal {flame, rF+ Int+5}
                  | (You found it on level 10 of the Dungeon)
 12388 | D:10     | Found a staircase to the Lair.
 12420 | D:10     | Killed a two-headed ogre
 12420 | D:10     | Reached XP level 11. HP: 79/79 MP: 14/23
 12447 | D:10     | Reached skill level 5 in Invocations
 12556 | D:10     | Found a staircase to the Orcish Mines.
 13233 | D:11     | Reached *** piety under Sif Muna
 13665 | Lair:1   | Entered Level 1 of the Lair of Beasts
 13714 | Lair:1   | Noticed an oklob plant
 13818 | Lair:1   | Reached skill level 5 in Air Magic
 14037 | Lair:1   | Noticed a seven-headed hydra
 14061 | Lair:1   | Killed a seven-headed hydra
 15491 | Lair:1   | Noticed an oklob plant
 15492 | Lair:1   | Noticed an oklob plant
 15492 | Lair:1   | Noticed an oklob plant
 15510 | Lair:1   | Killed an oklob plant
 15510 | Lair:1   | Reached skill level 10 in Conjurations
 15522 | Lair:1   | Killed an oklob plant
 15529 | Lair:1   | Killed an oklob plant
 15533 | Lair:1   | Killed an oklob plant
 15728 | Lair:2   | Found a frozen archway.
 15738 | IceCv    | Entered an ice cave
 15751 | IceCv    | Reached **** piety under Sif Muna
 15840 | IceCv    | Reached XP level 12. HP: 89/89 MP: 18/25
 16245 | IceCv    | Reached skill level 5 in Fighting
 16705 | IceCv    | Found an ancient bone altar of Kikubaaqudgha.
 16731 | IceCv    | Slain by a freezing wraith

Levels and vault maps discovered:
D:1:      dpeg_arrival_court, layout_basic
D:2:      layout_loops_ring, minitemple, chequers_ecumenical_altar_island
D:3:      layout_basic, first_ration
D:4:      layout_rooms, corexii_corridor_pit
D:5:      layout_loops_ring, okawaru_metal_pillars_1_2, serial_shops, shop,
          shop, nicolae_shop_crystal, kennysheep_mini_moat,
          kennysheep_generic_room_4
D:6:      layout_layer_cave, minmay_crystal_room
D:7:      layout_cave_pools, lemuel_crystal_altar, minmay_temple_entry_slanted,
          serial_shops, shop, minmay_the_grid_2x2 [minmay_the_grid_expand,
          minmay_the_grid_diamond_grid, minmay_the_grid_minigrid_small_alt,
          minmay_the_grid_prize_inner_circle], uniq_prince_ribbit1, uniq_pikel,
          uniq_crazy_yiuf_cottage
D:8:      layout_loops_ring, david_nohive_1, nrook_mini_backslash, uniq_maurice
D:9:      layout_basic, basic_altar, minmay_fire_ice_demons, uniq_joseph,
          uniq_maggie
D:10:     layout_gridville, david_lair_generic, zombieorc1_lemuel
D:11:     layout_loops_cross
Temple:   compressed_dpeg_circular_temple
Lair:1:   layout_hall_layers, st_stairs_12, wad_woods_01,
          minmay_lair_oklob_chamber, infiniplex_staircase_pool_2
Lair:2:   layout_cave_pods, swamp_mist, portal_ice_cave_entry_pillars_1,
          grunt_megastairs_1, lemuel_fruit_fields
IceCv:    ice_cave_small_necro

Skill      XL: |  1  2  3  4  5  6  7  8  9 10 11 12 |
---------------+-------------------------------------+-----
Conjurations   | 2 3 4 5 7 8 9 10 | 10.2
Spellcasting   | 4 5 7 8 9 |  9.8
Air Magic      | 1 2 3 4 5 |  5.6
Poison Magic   | 1 2 3 4 |  4.0
Fighting       | 2 3 4 5 |  5.1
Shields        | 3 4 |  4.0
Invocations    | 3 4 6 |  6.6
Evocations     | 2 3 4 |  4.9
Summonings     | 2 4 |  4.0
Dodging        | 2 4 |  4.6
Stealth        | |  1.7
Translocations | |  0.8

Action                   |  1- 3 |  4- 6 |  7- 9 | 10-12 || total
-------------------------+-------+-------+-------+-------++-------
Melee: Unarmed           |    34 |       |       |       ||    34
       Dagger            |    38 |    40 |       |       ||    78
       Kick              |    10 |       |     8 |    83 ||   101
       Falchion          |       |     8 |    14 |       ||    22
       Trident           |       |       |    92 |   374 ||   466
Throw: Stone             |       |     1 |       |       ||     1
       Boomerang         |       |       |     6 |       ||     6
 Cast: Magic Dart        |    92 |   196 |   226 |   295 ||   809
       Mephitic Cloud    |       |     1 |    23 |    45 ||    69
       Conjure Flame     |       |     4 |     6 |    20 ||    30
       Blink             |       |       |     6 |     4 ||    10
       Summon Lightning  |       |       |       |    40 ||    40
Evoke: Wand              |       |       |       |     8 ||     8
  Use: Scroll            |       |     9 |     1 |     8 ||    18
       Potion            |       |       |       |    12 ||    12
 Stab: Confused          |       |       |     6 |    21 ||    27
       Distracted        |       |       |       |     5 ||     5
       Sleeping          |       |       |       |     1 ||     1
  Eat: Chunk             |     3 |     9 |    11 |    28 ||    51
       Ration            |       |       |     1 |     1 ||     2
Armor: Robe              |     9 |    31 |     7 |       ||    47
       Leather armour    |       |       |    43 |   111 ||   154
Dodge: Dodged            |    63 |    54 |    79 |   201 ||   397
Block: Buckler           |       |       |       |    60 ||    60
       Rpst.: Falchion   |       |     1 |     3 |       ||     4

Table legend:
 A = Non-vault XP
 B = Vault XP
 C = Vault XP percentage of total XP
 D = Non-vault monster count
 E = Vault monster count
 F = Vault count percentage of total count
                 A         B        C        D         E       F
            +---------+---------+-------+---------+---------+-------
      Total |   11285 |   13002 |  53.5 |     222 |     117 |  34.5
            +---------+---------+-------+---------+---------+-------
        D:1 |      39 |       0 |   0.0 |      25 |       0 |   0.0
        D:2 |      79 |       0 |   0.0 |      27 |       0 |   0.0
        D:3 |     178 |       0 |   0.0 |      27 |       0 |   0.0
        D:4 |     181 |       0 |   0.0 |       5 |       0 |   0.0
        D:5 |     507 |      42 |   7.7 |      12 |       1 |   7.7
        D:6 |     638 |     739 |  53.7 |      16 |       2 |  11.1
        D:7 |     478 |    1598 |  77.0 |      14 |      14 |  50.0
        D:8 |    1029 |    1579 |  60.5 |      17 |      18 |  51.4
        D:9 |    1562 |     875 |  35.9 |      23 |       4 |  14.8
       D:10 |    1393 |    1441 |  50.8 |      12 |      32 |  72.7
       D:11 |    1729 |       0 |   0.0 |      24 |       0 |   0.0
     Lair:1 |    3472 |    3747 |  51.9 |      20 |      15 |  42.9
     Lair:2 |       0 |     270 | 100.0 |       0 |       1 | 100.0
      IceCv |       0 |    2711 | 100.0 |       0 |      30 | 100.0
            +---------+---------+-------+---------+---------+-------
